 Dungeon Crawl Stone Soup version 0.31-a0-1172-g9944ec47dd (webtiles) character file.

Game seed: 14463299285996780997

221 bmb222 the Cudgeller (level 5, -2/33 HPs)
             Began as a Gargoyle Fighter on Dec 11, 2023.
             Slain by a thrashing horror (5 damage)
             ... on level 1 of the Abyss.
             The game lasted 00:02:19 (2089 turns).

bmb222 the Cudgeller (Gargoyle Fighter)             Turns: 2089, Time: 00:02:20

Health: -2/33      AC: 13    Str: 20 (22) XL:     5   Next: 98%
Magic:  5/5        EV:  8    Int:  6 (8)  God:
Gold:   155        SH:  4    Dex:  8 (9)  Spells: 4/4 levels left

rFire   . . .        q - +2 mace (drain)
rCold   . . .        c - +0 buckler
rNeg    + . .        h - +0 chain mail
rPois   ∞            (no helmet)
rElec   +            (no cloak)
rCorr   .            (no gloves)
SInv    .            (no boots)
Will    .....        (no amulet) Stlth
                     (no ring)
HPRegen 0.25/turn    (no ring)
MPRegen 0.09/turn

%: no passive effects
@: no status effects
A: sickness immunity, AC +4, negative energy resistance 1, electricity
resistance, torment resistance 1, petrification resistance
a: no special abilities


You were on level 1 of the Abyss.
You visited 1 branch of the dungeon, and saw 3 of its levels.
You visited the Abyss 1 time.

You collected 155 gold pieces.

Inventory:

Hand Weapons
 a - a +0 flail
 q - a +2 mace of draining (weapon)
Armour
 b - a +0 scale mail
 c - a +0 buckler (worn)
 h - a +0 chain mail (worn)
Jewellery
 p - a +6 ring of strength
Scrolls
 f - a scroll of amnesia {unknown}
 g - 3 scrolls of identify {unknown}
 i - 2 scrolls of fear {unknown}
 k - a scroll of blinking {unknown}
 m - a scroll of noise {unknown}
Potions
 d - a potion of might
 e - a potion of degeneration
 j - a potion of magic
 n - a potion of ambrosia {unknown}
 o - a potion of curing {unknown}


   Skills:
 + Level 3.8 Fighting
 + Level 4.5 Maces & Flails
 + Level 4.1 Armour
 + Level 1.0 Dodging
 + Level 3.8 Shields


You had 4 spell levels left.
You didn't know any spells.
Your spell library contained the following spells:

 Spells                   Type           Power      Damage    Failure   Level
 Ignite Poison            Fire/Tmut/Pois 0%         N/A       100%        3
 Sticky Flame             Conj/Fire      0%         2d3       100%        4
 Ignition                 Fire           0%         3d3       100%        8


Dungeon Overview and Level Annotations

Branches:
Dungeon (3/15)

Altars:


Innate Abilities, Weirdness & Mutations

You are immune to sickness and miasma.
Your stone body is resilient. (AC +4)
You are immune to poison.
You resist negative energy. (rN+)
You are resistant to electric shocks. (rElec)
You are resistant to unholy torment.
You are immune to petrification.


Message History

There was something very wrong with that liquid.
You feel weakened.
You feel dopey.
You feel clumsy. The gnoll closely misses you.
The gnoll hits you but does no damage.
You blink.
It was a potion of resistance.
You feel protected.
The gnoll hits you but does no damage. x2
You are cast into the Abyss!
This branch contains the abyssal rune of Zot.
Okay, then.
You start resting.
You start to feel less resistant.
You start resting.
A small abomination comes into view.
Your resistance to elements expires.
A thrashing horror comes into view.
The thrashing horror roars!
The thrashing horror tramples you but does no damage. x2
A large abomination comes into view.
The thrashing horror closely misses you. x2
The thrashing horror tramples you but does no damage. x2
The large abomination hits you but does no damage.
The large abomination hits you.
The thrashing horror attacks as it pursues you!
The thrashing horror tramples you.
You stumble backwards!
The thrashing horror tramples you.
You stumble backwards!
The thrashing horror closely misses you.
The thrashing horror tramples you but does no damage.
The thrashing horror completely misses you.
The thrashing horror tramples you but does no damage.
The thrashing horror tramples you.
* * * LOW HITPOINT WARNING * * *
You hold your ground!
The thrashing horror tramples you.
* * * LOW HITPOINT WARNING * * *
You hold your ground!
Unknown command.
You start resting.
A thrashing horror is nearby!
The thrashing horror tramples you but does no damage. x2
The thrashing horror tramples you.
You die...

#### # #..## .
#.XX## .#
..###.#.#@# #.#
......#.###...
#.X.##.##...
#.#......... .#
####.x.##..#.
#...## #.##..
.. #....# ...#
..#.#.#.##....#
##.#....#x.
#....#


You could see a thrashing horror and a large abomination.

Vanquished Creatures
  Jessica (D:2)
  Terence (D:2)
  An iguana (D:2)
  Natasha (D:3)
  Robin (D:2)
  A gnoll (D:3)
  4 adders (D:2)
  A dart slug (D:1)
  4 endoplasms
  3 giant cockroaches
  7 goblins
  8 hobgoblins
  4 jackals (D:1)
  2 quokkas
  5 ball pythons
  7 bats
  5 frilled lizards
  4 kobolds
  5 rats (D:1)
65 creatures vanquished.

Notes
Turn   | Place    | Note
-------+----------+-------------------------------------------
     0 | D:1      | bmb222 the Gargoyle Fighter began the quest for the Orb.
     0 | D:1      | Reached XP level 1. HP: 14/14 MP: 1/1
   148 | D:1      | Reached XP level 2. HP: 19/19 MP: 2/2
   409 | D:1      | Reached XP level 3. HP: 22/23 MP: 3/3
  1035 | D:2      | Reached skill level 1 in Dodging
  1051 | D:2      | Noticed Jessica
  1051 | D:2      | Noticed Robin
  1276 | D:2      | Killed Robin
  1277 | D:2      | Reached XP level 4. HP: 29/29 MP: 4/4
  1279 | D:2      | Killed Jessica
  1532 | D:2      | Reached XP level 5. HP: 33/33 MP: 5/5
  1728 | D:2      | Noticed Terence
  1735 | D:2      | Killed Terence
  1985 | D:3      | Noticed Natasha
  1989 | D:3      | Killed Natasha
  1999 | D:3      | HP: 1/33 [gnoll/+2 spear of distortion (3)]
  2005 | Abyss:1  | Cast into level 1 of the Abyss (gnoll)
  2066 | Abyss:1  | Noticed a small abomination
  2074 | Abyss:1  | Noticed a thrashing horror
  2078 | Abyss:1  | Noticed a large abomination
  2089 | Abyss:1  | Slain by a thrashing horror

Illustrated notes

Levels and vault maps discovered:
D:1:      roderic_octagonal_star, layout_loops_ring, serial_bayou,
          serial_bayou_pond_b, serial_bayou_pond_b, serial_bayou_pond_b,
          serial_bayou_shore_a
D:2:      layout_basic, dk_vineyard_1, minmay_misc_feat_roman,
          chequers_serial_rivers_micro_a, uniq_jessica, uniq_terence, uniq_robin
D:3:      layout_basic, nicolae_uskayaw_en_pointe, mainiacjoe_overflow_alcove_2,
          uniq_ijyb, uniq_grinder, uniq_natasha
Abyss:1:  base:
Temple

Skill      XL: |  1  2  3  4  5 |
---------------+----------------+-----
Dodging        | 1 |  1.0
Maces & Flails | 3 4 |  4.5
Armour         | 4 |  4.1
Fighting       | |  3.8
Shields        | |  3.8

Action                     |  1- 3 |  4- 6 || total
---------------------------+-------+-------++-------
  Melee: Flail             |   154 |    39 ||   193
         Mace              |       |    12 ||    12
    Use: Potion            |       |     3 ||     3
 Armour: Scale mail        |    60 |       ||    60
         Chain mail        |   118 |    62 ||   180
  Dodge: Dodged            |   101 |    33 ||   134
  Block: Buckler           |    40 |    22 ||    62

Table legend: (Time is in decaauts)
 A = Elapsed time spent in this place.
 B = Non-inter-level travel time spent in this place.
 C = Inter-level travel time spent in this place.
 D = Time resting spent in this place.
 E = Time spent auto-exploring this place.
 F = Levels seen in this place.
 G = Mean time per level.
                   A        B        C        D        E       F      G
               +--------+--------+--------+--------+--------+-----+--------+
         Total |   2182 |   2114 |     68 |    219 |   1413 |   4 |  545.5 |
       Dungeon |   2098 |   2030 |     68 |    159 |   1413 |   3 |  699.3 |
         Abyss |     83 |     83 |      0 |     60 |      0 |   1 |   83.0 |
               +--------+--------+--------+--------+--------+-----+--------+

Top non-repeatable levels by time:
     D:1: 1077 daAuts
     D:2: 811 daAuts
     D:3: 210 daAuts
 Abyss:1: 83 daAuts
